 Dungeon Crawl Stone Soup version 0.30-a0-989-g0d87f670db (webtiles) character file.

Game seed: 12346802011809378778

170 mopl the Insei (level 5, -3/37 HPs)
             Began as a Djinni Transmuter on Apr 3, 2023.
             Killed by nerve-wracking pain
             ... invoked by an orc priest
              (12 damage)
             ... on level 3 of the Dungeon.
             The game lasted 00:02:36 (1753 turns).

mopl the Insei (Djinni Transmuter)                  Turns: 1753, Time: 00:02:37

Health: -3/37      AC:  2    Str: 11    XL:     5   Next: 80%
Gold:   118        EV: 19    Int: 14    God:
                   SH:  0    Dex: 19

rFire   . . .      SeeInvis .      - Unarmed
rCold   . . .      Faith    +    (shield currently unavailable)
rNeg    . . .      Spirit   .    d - melded +0 troll leather armour
rPois   ∞          Reflect  .    (helmet currently unavailable)
rElec   .          Rampage  .    g - melded +0 cloak
rCorr   .                        o - melded +0 pair of gloves
Will    .....                    (boots unavailable)
Stlth   ++                       i - amulet of faith {!P}
HPRegen 0.26/turn                (no ring)
MPRegen 0.00/turn                (no ring)

@: spider-form (expiring), flying
A: venomous fangs, flying, sickness immunity, tiny, (fire resistance 2), (cold
vulnerability 1), float, innate caster, HP casting, extra vitality 1
a: End Transformation


You were on level 3 of the Dungeon.
You were a venomous arachnid creature.
You visited 1 branch of the dungeon, and saw 3 of its levels.

You collected 118 gold pieces.

Inventory:

Armour
 d - a +0 troll leather armour (melded)
 g - a +0 cloak (melded)
 o - a +0 pair of gloves (melded)
Jewellery
 i - an amulet of faith (around neck) {!P}
Scrolls
 c - a scroll of enchant weapon {unknown}
 f - a scroll of magic mapping {unknown}
 h - 2 scrolls of teleportation
 j - a scroll of noise {unknown}
 l - a scroll of enchant armour {unknown}
 m - a scroll of blinking {unknown}
 n - a scroll of silence {unknown}
Potions
 a - 2 potions of curing
 b - a potion of lignification {!q}
 e - a potion of heal wounds {unknown}
 k - 2 potions of might {unknown}
 p - a potion of mutation {unknown}
 q - a potion of brilliance {unknown}
 r - 2 potions of berserk rage {unknown}


   Skills:
 - Level 1.0 Fighting
 - Level 2.1 Dodging
 * Level 5.2 Unarmed Combat
 + Level 2.7 Spellcasting


You knew the following spells:

 Your Spells              Type           Power      Damage    Failure   Level
a - Beastly Appendage     Tmut           18%        N/A       19%         1
b - Spider Form           Tmut/Pois      9%         N/A       43%         3
c - Slow                  Hex            36%        N/A       19%         1
d - Ice Form              Ice/Tmut       9%         N/A       77%         4
e - Static Discharge      Conj/Air       18%        2-3/arc   26%         2
w - Wereblood             Tmut           9%         N/A       26%         2
Your spell library was empty.

Dungeon Overview and Level Annotations

Branches:
Dungeon (3/15)

Altars:


Innate Abilities, Weirdness & Mutations

You are a venomous arachnid creature.
You have venomous fangs.
You are tiny and dextrous.
You are flying.
Your spellcasting is less reliable in this form.
Your armour is entirely melded.
You are incapable of wielding weapons or throwing items.
You are immune to sickness and miasma.
You are immune to poison.
((Your flesh is very heat resistant. (rF++)))
((You are vulnerable to cold. (rC-)))
You float through the air rather than walking.
You learn spells naturally, not from books.
Your magical power is your life essence.
You have superior vitality. (+4 MHP)


Message History

No target in view!
No target in view!
No target in view!
r - 2 sedimented puce potions An orc priest comes into view.
It is wielding a +0 dagger.
The orc priest shouts!
You hear a shout!
A kobold comes into view. It is wielding a +0 whip.
An orc and an orc priest come into view.
The orc shouts!
The orc priest shouts!
You hear a shout! x2
You see here a coppery potion.
Casting: Beastly Appendage (safe; 10% risk of failure)
Confirm with . or Enter, or press ? or * to list all spells.
The spell is quite dangerous to miscast (28% risk of failure)!
Continue anyway?
You turn into a venomous arachnid creature.
Your +0 cloak melds into your body.
Your +0 pair of gloves melds into your body.
Your +0 troll leather armour melds into your body.
The orc priest calls down the wrath of Beogh upon you.
Beogh smites you!
The orc priest mumbles some strange prayers to Beogh against you.
Pain shoots through your body!
You hear a shout!
It was a potion of curing.
You feel better.
A goblin comes into view. It is wielding a +0 club.
You hit the orc priest but do no damage.
The orc priest invokes the aid of Beogh against you.
Beogh smites you!
* * * LOW HITPOINT WARNING * * *
The orc priest misses you.
You hit the orc priest.
The orc priest is poisoned.
The orc priest is moderately wounded.
Your transformation is almost over.
The orc priest completely misses you.
You bite the orc priest!
The orc priest looks as sick as possible!
The orc priest is almost dead.
You kill the orc priest!
The orc priest invokes the aid of Beogh against you.
Pain shoots through your body!
You die...

...........†..........†..........
....................†............
.......†..........#..............
#####.....##..................#..
#.........##...........###....#..
..........##....................†
........................!........
.........##......#...............
.........#.....)s................
.(............o##................
...............# ##....###+##....
............g..# #...# #....
................ ..... #....
............oo#.. .. .. ##..
.........#... . #.# ........#....
#.. ..........K... ...


You could see an orc priest and a goblin.

Vanquished Creatures
  A phantom (D:3)
  An orc priest (D:3)
  4 adders
  2 worms
  A dart slug (D:1)
  4 bats
  An endoplasm (D:1)
  5 giant cockroaches
  4 goblins
  4 hobgoblins
  2 jackals (D:1)
  3 kobolds (D:1)
  4 quokkas (D:1)
  8 ball pythons
  6 frilled lizards
  2 rats
52 creatures vanquished.

Notes
Turn   | Place    | Note
-------+----------+-------------------------------------------
     0 | D:1      | mopl the Djinni Transmuter began the quest for the Orb.
     0 | D:1      | mopl set off with the following spells memorised: Beastly
                  | Appendage, Wereblood, Spider Form, Ice Form.
     0 | D:1      | Reached XP level 1. HP: 17/17 MP: 0/0
   138 | D:1      | Reached XP level 2. HP: 22/22 MP: 0/0
   373 | D:1      | Reached XP level 3. HP: 25/27 MP: 0/0
   373 | D:1      | Learned a level 1 spell: Slow
   375 | D:1      | Reached skill level 2 in Spellcasting
   417 | D:1      | Found a faded altar of an unknown god.
   955 | D:2      | Reached skill level 4 in Unarmed Combat
  1080 | D:2      | Reached XP level 4. HP: 31/32 MP: 0/0
  1689 | D:3      | Noticed a phantom
  1701 | D:3      | Killed a phantom
  1702 | D:3      | Reached skill level 5 in Unarmed Combat
  1702 | D:3      | Reached XP level 5. HP: 36/37 MP: 0/0
  1702 | D:3      | Learned a level 2 spell: Static Discharge
  1753 | D:3      | Killed from afar by an orc priest

Illustrated notes

Levels and vault maps discovered:
D:1:      minmay_arrival_checkered_box, layout_basic,
          shapermc_ecumenical_altar_ellora
D:2:      layout_loops_ring
D:3:      layout_basic, xom_confusion_cloud, nicolae_elevator_lobby_asterisk

Skill      XL: |  1  2  3  4 |
---------------+-------------+-----
Spellcasting   | 2 |  2.7
Unarmed Combat | 4 5 |  5.2
Fighting       | |  1.0
Dodging        | |  2.1

Action                     |  1- 3 |  4- 6 || total
---------------------------+-------+-------++-------
  Melee: Unarmed           |   141 |    85 ||   226
         Headbutt          |     8 |     1 ||     9
         Punch             |     3 |     1 ||     4
   Cast: Beastly Appendage |     5 |     1 ||     6
         Wereblood         |     1 |       ||     1
         Spider Form       |       |     1 ||     1
    Use: Scroll            |     1 |     2 ||     3
         Potion            |       |     2 ||     2
 Armour: Troll leather arm |    31 |    22 ||    53
  Dodge: Dodged            |    85 |    41 ||   126

Table legend: (Time is in decaauts)
 A = Elapsed time spent in this place.
 B = Non-inter-level travel time spent in this place.
 C = Inter-level travel time spent in this place.
 D = Time resting spent in this place.
 E = Time spent auto-exploring this place.
 F = Levels seen in this place.
 G = Mean time per level.
                   A        B        C        D        E       F      G
               +--------+--------+--------+--------+--------+-----+--------+
         Total |   1736 |   1682 |     54 |      0 |   1224 |   3 |  578.7 |
       Dungeon |   1736 |   1682 |     54 |      0 |   1224 |   3 |  578.7 |
               +--------+--------+--------+--------+--------+-----+--------+

Top non-repeatable levels by time:
     D:1: 923 daAuts
     D:2: 700 daAuts
     D:3: 112 daAuts
